 Dungeon Crawl Stone Soup version 0.25-a0-179-g4c60e79 (webtiles) character file.

Game seed: 2478628998972568241, levelgen mode: deterministic

41049 CanOfBees the Pandemonic (level 13, 0/113 HPs)
             Began as a Demonspawn Gladiator on Nov 27, 2019.
             Was a High Priest of Makhleb.
             Succumbed to a black mamba's poison
             ... on level 5 of the Lair of Beasts on Nov 29, 2019.
             The game lasted 00:40:32 (23391 turns).

CanOfBees the Pandemonic (Demonspawn Gladiator)    Turns: 23391, Time: 00:40:33

Health: 0/113      AC: 15    Str: 22    XL:     13   Next: 77%
Magic:  22/22      EV: 13    Int: 10    God:    Makhleb [*****.]
Gold:   752        SH:  6    Dex: 18    Spells: 12/12 levels left

rFire    . . .     SeeInvis .   m - +7 whip "Adafeom" {freeze, Dex+6}
rCold    + . .     Gourm    .   j - +1 buckler
rNeg     + + .     Faith    .   h - +0 chain mail of the Quahog {rN++ Str+3 Dex-3 Slay+3}
rPois    +         Spirit   .   (helmet unavailable)
rElec    .         Reflect  .   d - +1 cloak {rPois}
rCorr    .         Harm     .   (no gloves)
MR       .....                  I - +1 pair of boots
Stlth    ..........             (no amulet)
HPRegen  0.28/turn              (no ring)
MPRegen  0.18/turn              Y - ring of flight

@: lethally poisoned (0 -> -2), marked, hasted, very quick
A: horns 3, rugged brown scales 2, cold resistance 1, spiny 2
a: Minor Destruction, Lesser Servant of Makhleb, Major Destruction, Greater
Servant of Makhleb, Renounce Religion, Evoke Flight


You were on level 5 of the Lair of Beasts.
You worshipped Makhleb.
Makhleb was extremely pleased with you.
You were very hungry.

You visited 3 branches of the dungeon, and saw 17 of its levels.
You also visited: Ossuary and Gauntlet.

You collected 1077 gold pieces.
You spent 325 gold pieces at shops.

Inventory:

Hand Weapons
 a - a +0 trident
 m - the +7 whip "Adafeom" (weapon) {freeze, Dex+6}
   (You found it on level 8 of the Dungeon)

   It has been specially enchanted to freeze those struck by it, causing extra
   injury to most foes and up to half again as much damage against particularly
   susceptible opponents.
   It can also slow down cold-blooded creatures.
   It affects your dexterity (+6).
 S - the +7 short sword of Inflation {flame, Str+2 Dex+2}
   (You found it on level 3 of the Lair of Beasts)

   It has been specially enchanted to burn those struck by it, causing extra
   injury to most foes and up to half again as much damage against particularly
   susceptible opponents.
   It affects your strength (+2).
   It affects your dexterity (+2).
 V - the +6 morningstar of Frustration {freeze, +Fly MP+9 Dex+2, unknown}
   (You found it on level 5 of the Lair of Beasts)

   It has been specially enchanted to freeze those struck by it, causing extra
   injury to most foes and up to half again as much damage against particularly
   susceptible opponents.
   It can also slow down cold-blooded creatures.
   It affects your dexterity (+2).
   It affects your magic capacity (+9).
   It lets you fly.
Missiles
 i - 595 stones
 p - 40 poisoned darts
 z - 21 javelins (quivered)
 B - 4 boomerangs
 K - 9 curare-tipped darts
 L - 5 boomerangs of dispersal
 M - 7 atropa-tipped darts
Armour
 d - a +1 cloak of poison resistance (worn)
 h - the +0 chain mail of the Quahog (worn) {rN++ Str+3 Dex-3 Slay+3}
   (You found it on level 4 of the Dungeon)

   It affects your strength (+3).
   It affects your dexterity (-3).
   It affects your accuracy and damage with ranged weapons and melee attacks
   (+3).
   It greatly protects you from negative energy.
 j - a +1 buckler (worn)
 t - the +0 hat of Mejirhin {rF+ rC+++ Slay-6}
   (You found it in a Gauntlet)

   It affects your accuracy and damage with ranged weapons and melee attacks
   (-6).
   It protects you from fire.
   It renders you almost immune to cold.
 I - a +1 pair of boots (worn)
 P - a +3 chain mail of cold resistance
 Q - the cursed +1 scale mail "Wuces" {Regen+}
   (You found it in a Gauntlet)

   It increases your rate of regeneration.
   It has a curse placed upon it.
Jewellery
 g - an uncursed amulet of rage
 w - an uncursed ring of fire
 R - an uncursed ring of fire
 T - an uncursed ring of protection from magic
 Y - a ring of flight (right hand)
Wands
 q - a wand of disintegration (9)
 E - a wand of acid (20)
 J - a wand of flame (15)
 N - a wand of digging (5)
 O - a wand of polymorph (12)
 X - a wand of random effects (21)
Scrolls
 f - a scroll of amnesia
 k - 9 scrolls of remove curse
 o - a scroll of fog
 r - 3 scrolls of fear
 u - 4 scrolls of teleportation
 y - 6 scrolls of noise
 F - 3 scrolls of immolation
 U - a scroll of enchant weapon
Potions
 b - 6 potions of mutation
 e - 3 potions of heal wounds
 l - a potion of invisibility
 n - 3 potions of resistance
 s - 3 potions of brilliance
 v - 2 potions of haste
 x - 3 potions of flight
 A - 8 potions of curing
 C - a potion of might
 G - 2 potions of agility
 H - 2 potions of lignification
 W - a potion of ambrosia
Miscellaneous
 c - 2 phantom mirrors
Comestibles
 D - 20 rations
 Z - 6 chunks of flesh


   Skills:
 + Level 12.0 Fighting
 * Level 11.2 Maces & Flails
 - Level 8.2 Polearms
 - Level 6.0 Throwing
 - Level 4.0 Armour
 - Level 8.0 Dodging
 + Level 3.4 Shields
 - Level 12.0 Invocations


You had 12 spell levels left.
You didn't know any spells.
Your spell library contained the following spells:

 Spells                   Type           Power        Failure   Level  Hunger
 Corona                   Hex            #......      98%         1    ##.....
 Flame Tongue             Conj/Fire      #....        98%         1    ##.....
 Ensorcelled Hibernation  Hex/Ice        #.....       99%         2    ###....
 Slow                     Hex            #.......     99%         2    ###....
 Throw Flame              Conj/Fire      #.....       99%         2    ###....
 Confuse                  Hex            #.......     100%        3    ####...
 Conjure Flame            Conj/Fire      #.......     100%        3    ####...
 Dazzling Spray           Conj/Hex       #.....       100%        3    ####...
 Inner Flame              Hex/Fire       #.......     100%        3    ####...
 Portal Projectile        Hex/Tloc       #.....       100%        3    ####...
 Recall                   Summ/Tloc      N/A          100%        3    ####...
 Tukima's Dance           Hex            #.......     100%        3    ####...
 Cause Fear               Hex            #.........   100%        4    #####..
 Leda's Liquefaction      Hex/Erth       #.........   100%        4    #####..
 Sticky Flame             Conj/Fire      #.......     100%        4    #####..
 Aura of Abjuration       Summ           #.........   100%        5    ######.
 Fireball                 Conj/Fire      #.........   100%        5    ######.
 Summon Demon             Summ           #.........   100%        5    ######.
 Summon Forest            Summ/Tloc      #.........   100%        5    ######.
 Summon Mana Viper        Hex/Summ       #.......     100%        5    ######.
 Shadow Creatures         Summ           N/A          100%        6    #######


Dungeon Overview and Level Annotations

Branches:
Dungeon (10/15)            Temple (1/1) D:6            Lair (6/6) D:10
  Swamp (0/4) Lair:4        Snake (0/4) Lair:2        Slime (0/5) Lair:5
    Orc (0/2) D:9         Ossuary (visited)         Gauntlet (visited)

Altars:
Ashenzari
Cheibriados
Dithmenos
Elyvilon
Fedhas
Gozag
Hepliaklqana
Kikubaaqudgha
Makhleb
Nemelex Xobeh
Okawaru
Qazlal
Ru
Sif Muna
Trog
Uskayaw
Vehumet
Wu Jian
Xom
Yredelemnul
Zin
The Shining One
Jiyva

Shops:
D:5 (   D:7 (%

Annotations:
D:8 1 runed translucent door, andgoliath's ghost, novice MfGl


Innate Abilities, Weirdness & Mutations

You have a pair of large horns on your head.
You are mostly covered in rugged brown scales. (AC +2, +5% HP)
Your flesh is cold resistant. (rC+)
You are mostly covered in sharp spines.


Message History

The dream sheep shake their wool and sparkle.
You feel drowsy...
You fall asleep.
The hippogriff is struck by your spines.
The hippogriff misses you. The hippogriff closely misses you.
The hippogriff claws you but does no damage.
The komodo dragon bites you but does no damage.
The hippogriff is struck by your spines.
The hippogriff barely misses you. The hippogriff completely misses you.
The hippogriff claws you!
You wake up.
* * * LOW HITPOINT WARNING * * *
You block the komodo dragon's attack.
You climb upwards.
You feel sick.
There is a stone staircase leading down here.
Okay, then.
You feel yourself speed up. You block the hippogriff's attack.
The hippogriff pecks you.
* * * LOW HITPOINT WARNING * * *
The hippogriff barely misses you. The komodo dragon bites you!!
* * * LOW HITPOINT WARNING * * *
You die...

.....#####.....##...##....####..#
......#..P.....##.>.##....####.##
...รท...........##.._.'....PP...##
...............#######...........
...............## ##...........
................#####.......PPP..
................l................
......#........>........>.#..P.#.
...#..P.......H.@.........#####.#
.##...........#+...#PP....#####.#
.....>........#..P.##............
.............##...........#......
.............#.............##....
.##........................##....
.#...#.P.....##......#.....###.##
.#...P.......#..#.+.##....####...
.............)P+..+##P......#....


You could see a komodo dragon and a hippogriff.

Vanquished Creatures
  A minotaur (Gauntlet)
  A fire dragon (Lair:3)
  A hydra (Lair:4)
  Fannar (Lair:3)
  A hell beast (Gauntlet)
  A centaur warrior (D:10)
  2 lindwurms (Lair:4)
  3 oklob plants (Lair:5)
  15 elephants
  10 black mambas
  11 spiny frogs
  A torpor snail (Lair:2)
  A rime drake (Lair:5)
  5 komodo dragons
  Grinder (D:5)
  2 polar bears
  Prince Ribbit (D:7)
  A hornet (Lair:3)
  A troll (D:10)
  2 bog bodies (Lair:4)
  14 blink frogs
  A raiju (Gauntlet)
  5 hippogriffs
  11 dream sheep
  Sigmund (D:5)
  33 yaks
  2 hungry ghosts
  A steam dragon (Gauntlet)
  4 basilisks
  Menkaure (D:4)
  A soldier ant (D:10)
  2 swamp worms (Gauntlet)
  15 water moccasins
  2 porcupines
  A hell hound (Gauntlet)
  A swamp drake (D:9)
  2 orc warriors
  3 sky beasts
  A hornet zombie (D:10)
  17 wolves
  10 crocodiles
  3 ogres
  4 centaurs
  14 bullfrogs
  A water moccasin zombie (D:7)
  4 scorpions
  8 killer bees
  A howler monkey (D:4)
  A quasit (D:10)
  2 crimson imps
  A centaur zombie (D:8)
  A hound (D:8)
  A jelly (D:10)
  3 orc priests
  Crazy Yiuf (D:5)
  3 bullfrog skeletons
  2 centaur skeletons
  Jessica (D:2)
  6 worker ants
  Ijyb (D:4)
  3 iguanas
  4 hell rats (Lair:4)
  4 orc wizards
  A big kobold zombie (Ossuary)
  A hound skeleton (D:7)
  4 mummies (Ossuary)
  A worker ant zombie (D:5)
  14 adders
  2 oozes
  An adder skeleton (D:7)
  4 worms
  2 leopard geckos
  32 orcs
  3 ball pythons
  13 bats
  6 giant cockroaches
  2 gnoll zombies (Ossuary)
  6 goblins
  3 hobgoblins
  8 jackals
  9 kobolds
  2 quokkas
  6 frilled lizards
  A goblin zombie (Ossuary)
  2 hobgoblin zombies (Ossuary)
  A kobold zombie (Ossuary)
  An orc zombie (Ossuary)
  9 rats
  6 plants
399 creatures vanquished.

Vanquished Creatures (collateral kills)
  2 elephants (Lair:5)
  A black bear (D:9)
  An orc priest (D:9)
  5 orcs (D:9)
  A fungus (Lair:5)
10 creatures vanquished.

Vanquished Creatures (others)
  An orc warrior (D:9)
  14 fungi
  16 plants
31 creatures vanquished.

Grand Total: 440 creatures vanquished

Notes
Turn   | Place    | Note
-------+----------+-------------------------------------------
     0 | D:1      | CanOfBees the Demonspawn Gladiator began the quest for the
                  | Orb.
     0 | D:1      | Reached XP level 1. HP: 16/16 MP: 1/1
   163 | D:1      | Gained mutation: You are partially covered in rugged brown
                  | scales. (AC +1, +3% HP) [demonic ancestry]
   163 | D:1      | Reached XP level 2. HP: 11/22 MP: 2/2
   625 | D:1      | Found a snail-covered altar of Cheibriados.
   627 | D:1      | Found a sacrificial altar of Ru.
   627 | D:1      | Found a shimmering altar of Xom.
   629 | D:1      | Found a shimmering altar of Xom.
   629 | D:1      | Found an ornate altar of the Wu Jian Council.
   629 | D:1      | Found an opulent altar of Gozag.
  1174 | D:2      | Reached XP level 3. HP: 18/28 MP: 3/3
  1464 | D:2      | Found a blossoming altar of Fedhas.
  1475 | D:2      | Found a stormy altar of Qazlal.
  1543 | D:2      | Found a hide-covered altar of Uskayaw.
  1543 | D:2      | Noticed a +0 hand axe
  1543 | D:2      | Noticed a +0 hand axe
  1557 | D:2      | Noticed Jessica
  1582 | D:2      | Killed Jessica
  1582 | D:2      | Gained mutation: Your flesh is cold resistant. (rC+)
                  | [demonic ancestry]
  1582 | D:2      | Reached XP level 4. HP: 20/35 MP: 4/4
  2503 | D:3      | Gained mutation: You are mostly covered in rugged brown
                  | scales. (AC +2, +5% HP) [demonic ancestry]
  2503 | D:3      | Reached XP level 5. HP: 25/43 MP: 5/5
  2641 | D:3      | Found a shimmering blue altar of Sif Muna.
  3708 | D:4      | Noticed Menkaure
  3721 | D:4      | Killed Menkaure
  3721 | D:4      | Reached XP level 6. HP: 27/50 MP: 6/6
  3908 | D:4      | Got a brightly glowing chain mail
  3910 | D:4      | Identified the +0 chain mail of the Quahog {rN++ Str+3
                  | Dex-3 Slay+3} (You found it on level 4 of the Dungeon)
  4072 | D:4      | Noticed Ijyb
  4082 | D:4      | Killed Ijyb
  4548 | D:4      | Reached skill level 1 in Armour
  4548 | D:4      | Reached XP level 7. HP: 54/56 MP: 7/7
  4700 | D:5      | Entered Level 5 of the Dungeon
  4966 | D:5      | Found a sand-covered staircase.
  4969 | D:5      | Found Qefiun's Antique Weapon Boutique.
  4975 | Ossuary  | Entered an ossuary
  6271 | D:5      | Found a shadowy altar of Dithmenos.
  6271 | D:5      | Noticed Sigmund
  6276 | D:5      | Killed Sigmund
  6276 | D:5      | Reached skill level 5 in Polearms
  6457 | D:5      | Found a runed translucent door.
  6458 | D:5      | Noticed Crazy Yiuf
  6466 | D:5      | Killed Crazy Yiuf
  6466 | D:5      | Reached skill level 5 in Fighting
  6466 | D:5      | Reached XP level 8. HP: 65/65 MP: 8/8
  6825 | D:5      | Noticed Grinder
  6831 | D:5      | Paralysed by Grinder for 3 turns
  6840 | D:5      | Killed Grinder
  6840 | D:5      | Reached skill level 5 in Throwing
  7886 | D:6      | Found a staircase to the Ecumenical Temple.
  7942 | Temple   | Entered the Ecumenical Temple
  8029 | Temple   | Became a worshipper of Makhleb the Destroyer
  8749 | D:7      | Found Nediela's Weapon Shoppe.
  8765 | D:7      | Noticed Prince Ribbit
  8789 | D:7      | Killed Prince Ribbit
  8789 | D:7      | Reached skill level 1 in Invocations
  8789 | D:7      | Gained mutation: You are partially covered in sharp spines.
                  | [demonic ancestry]
  8789 | D:7      | Reached XP level 9. HP: 23/72 MP: 9/9
  9362 | D:7      | Found Suetzuif's Food Shop.
  9370 | D:7      | Bought a ration for 65 gold pieces
  9370 | D:7      | Bought a ration for 65 gold pieces
  9370 | D:7      | Bought a ration for 65 gold pieces
  9370 | D:7      | Bought a ration for 65 gold pieces
  9370 | D:7      | Bought a ration for 65 gold pieces
 10033 | D:8      | Got a warped whip
 10037 | D:8      | Identified the +7 whip "Adafeom" {freeze, Dex+6} (You found
                  | it on level 8 of the Dungeon)
 10214 | D:8      | Reached * piety under Makhleb
 10215 | D:8      | Found a runed translucent door.
 10216 | D:8      | Noticed andgoliath's ghost (novice MfGl)
 10217 | D:8      | Identified the +5 spear of Slime {flame, +Inv Str+2 Stlth+}
 10971 | D:9      | Found a sparkling altar of Nemelex Xobeh.
 10977 | D:9      | Reached skill level 5 in Dodging
 11250 | D:9      | Reached skill level 5 in Invocations
 11312 | D:9      | Found a staircase to the Orcish Mines.
 11453 | D:9      | Gained mutation: You have a pair of small horns on your
                  | head. [demonic ancestry]
 11453 | D:9      | Reached XP level 10. HP: 82/82 MP: 14/14
 11876 | D:9      | Found a glowing silver altar of Zin.
 11877 | D:9      | Found an iron altar of Okawaru.
 12049 | D:10     | Entered Level 10 of the Dungeon
 12407 | D:10     | Found a staircase to the Lair.
 12419 | D:10     | Reached ** piety under Makhleb
 12753 | D:10     | Noticed a centaur warrior
 12769 | D:10     | Killed a centaur warrior
 13143 | Lair:1   | Entered Level 1 of the Lair of Beasts
 13148 | Lair:1   | Noticed a black mamba
 13155 | Lair:1   | Killed a black mamba
 13155 | Lair:1   | Gained mutation: You are mostly covered in sharp spines.
                  | [demonic ancestry]
 13155 | Lair:1   | Reached XP level 11. HP: 23/91 MP: 15/17
 13158 | Lair:1   | Reached skill level 1 in Maces & Flails
 14790 | Lair:2   | Reached *** piety under Makhleb
 15005 | Lair:2   | Found a staircase to the Snake Pit.
 15024 | Lair:2   | Reached skill level 5 in Maces & Flails
 15997 | Lair:3   | Gained mutation: You have a pair of horns on your head.
                  | [demonic ancestry]
 15997 | Lair:3   | Reached XP level 12. HP: 90/101 MP: 19/19
 16005 | Lair:3   | Reached skill level 10 in Invocations
 16086 | Lair:3   | Found a gate leading to a gauntlet.
 16094 | Gauntlet | Entered a Gauntlet
 16094 | Gauntlet | Found a transporter.
 16094 | Gauntlet | Found a transporter.
 16094 | Gauntlet | Found a transporter.
 16115 | Gauntlet | Found a transporter.
 16129 | Gauntlet | Found a transporter.
 16129 | Gauntlet | Found a transporter.
 16149 | Gauntlet | Found a transporter.
 16152 | Gauntlet | Noticed a hell beast
 16157 | Gauntlet | Noticed a death ooze
 16183 | Gauntlet | Found a transporter.
 16183 | Gauntlet | Found a transporter.
 16227 | Gauntlet | Noticed a death scarab
 16230 | Gauntlet | Found a transporter.
 16232 | Gauntlet | Found a transporter.
 16242 | Gauntlet | Found a transporter.
 16826 | Gauntlet | Killed a hell beast
 16826 | Gauntlet | Reached skill level 10 in Fighting
 16964 | Gauntlet | Got a transparent hat
 17043 | Gauntlet | Noticed a minotaur
 17058 | Gauntlet | Killed a minotaur
 17102 | Gauntlet | Got a scorched scale mail
 17106 | Gauntlet | Identified the cursed +1 scale mail "Wuces" {Regen+} (You
                  | found it in a Gauntlet)
 17107 | Gauntlet | Identified the +0 hat of Mejirhin {rF+ rC+++ Slay-6} (You
                  | found it in a Gauntlet)
 17306 | Lair:3   | Noticed Sonja
 17309 | Lair:3   | Noticed Sonja
 17309 | Lair:3   | Sonja changed into Sonja the black mamba
 17312 | Lair:3   | Killed Sonja the black mamba
 17675 | Lair:3   | Reached **** piety under Makhleb
 17939 | Lair:3   | Noticed a fire dragon
 17962 | Lair:3   | Killed a fire dragon
 18271 | Lair:3   | Got an ichor-stained short sword
 18375 | Lair:3   | Noticed Fannar
 18386 | Lair:3   | Killed Fannar
 19010 | Lair:4   | Found a staircase to the Swamp.
 19488 | Lair:4   | Gained mutation: You have a pair of large horns on your
                  | head. [demonic ancestry]
 19488 | Lair:4   | Reached XP level 13. HP: 111/111 MP: 21/21
 20166 | Lair:4   | Reached ***** piety under Makhleb
 20541 | Lair:4   | Reached skill level 10 in Maces & Flails
 20983 | Lair:4   | Reached skill level 1 in Shields
 21294 | Lair:5   | Identified the +7 short sword of Inflation {flame, Str+2
                  | Dex+2} (You found it on level 3 of the Lair of Beasts)
 22255 | Lair:5   | HP: 5/112 [acid (12)]
 22879 | Lair:5   | Got a transparent morningstar
 22957 | Lair:5   | Found a viscous altar of Jiyva.
 22957 | Lair:5   | Found a staircase to the Slime Pits.
 23358 | Lair:6   | Entered Level 6 of the Lair of Beasts
 23390 | Lair:5   | HP: 1/113 [komodo dragon (18)]
 23391 | Lair:5   | Succumbed to a black mamba's poison

Levels and vault maps discovered:
D:1:      psy_arrival_dodecagon, layout_basic, doesnt_xom_only_xom
D:2:      layout_rooms, grunt_temple_overflow_forces_of_nature,
          dancing_weapons_uskayaw, kennysheep_generic_room_8, uniq_jessica
D:3:      layout_loops_ring, lemuel_coloured_pillars_altar
D:4:      layout_gridville, first_ration, uniq_ijyb, uniq_menkaure
D:5:      layout_loops_corners, grunt_dithmenos_smoke_and_mirrors, serial_shops,
          shop, enter_ossuary_2, uniq_sigmund, uniq_grinder,
          uniq_crazy_yiuf_cottage
D:6:      kennysheep_big_flooded_room, layout_gridville,
          minmay_temple_entry_wispy
D:7:      layout_loops_ring, serial_shops, kennysheep_little_box, shop,
          uniq_prince_ribbit1
D:8:      layout_cave_pools, ebering_ghost_funeral_grove
D:9:      layout_stronghold, lemuel_crystal_altar,
          nicolae_overflow_hidden_temple, erik_orc_1
D:10:     layout_roguey, lair_entry_dummy
Temple:   dshaligram_water_room_temple
Lair:1:   layout_long_grid, serial_bayou, serial_bayou_pond_a,
          serial_bayou_pond_b, serial_bayou_shore_b, serial_bayou_pond_a,
          serial_bayou_pond_e
Lair:2:   layout_cave_pods, minmay_snake_entry_six_corridors,
          lemuel_fruit_fields
Lair:3:   dragon1_lemuel, layout_cave_pods, gauntlet_entry_generic,
          cheibrodos_lair_reptile_den, grunt_megastairs_4, uniq_sonja,
          uniq_fannar
Lair:4:   layout_regular_city, skrybe_swamp_entry_bodies, beast_lair_carwin_7,
          grunt_megastairs_2
Lair:5:   layout_regular_city, dpeg_slime_entry_enclosed_altar,
          chequers_serial_rivers_small_b, minmay_lair_oklob_chamber
Lair:6:   evil_forest, layout_loops_ring, serial_bayou_shore_a

Skill      XL: |  1  2  3  4  5  6  7  8  9 10 11 12 13 |
---------------+----------------------------------------+-----
Throwing       | 2 3 4 5 6 |  6.0
Polearms       | 3 4 5 7 8 |  8.2
Dodging        | 3 4 5 6 8 |  8.0
Fighting       | 3 4 5 6 7 8 9 11 12 | 12.0
Armour         | 1 2 4 |  4.0
Invocations    | 1 5 8 9 11 12 | 12.0
Maces & Flails | 5 9 11 | 11.2
Shields        | 3 |  3.4

Action                   |  1- 3 |  4- 6 |  7- 9 | 10-12 | 13-15 || total
-------------------------+-------+-------+-------+-------+-------++-------
Melee: Trident           |   137 |   236 |   293 |       |       ||   666
       Whip              |       |       |    89 |   431 |   258 ||   778
       Headbutt          |       |       |       |   129 |    94 ||   223
Throw: Stone             |     1 |       |     1 |       |       ||     2
       Dart              |     2 |    25 |    20 |     2 |       ||    49
       Throwing net      |       |     1 |     3 |       |       ||     4
       Boomerang         |       |       |       |     5 |       ||     5
       Javelin           |       |       |       |       |    19 ||    19
Invok: Minor Destruction |       |       |       |     5 |       ||     5
       Lesser Servant of |       |       |       |     2 |     3 ||     5
Evoke: Wand              |       |       |     6 |     3 |    26 ||    35
  Use: Scroll            |       |     2 |    13 |    12 |     5 ||    32
       Potion            |       |       |     1 |    10 |     2 ||    13
 Stab: Sleeping          |     1 |       |       |       |       ||     1
       Held in net/web   |       |       |     4 |       |       ||     4
       Invisible         |       |       |       |     8 |       ||     8
  Eat: Chunk             |     2 |     7 |    19 |    22 |     7 ||    57
       Ration            |       |     1 |     4 |     1 |     1 ||     7
Armor: Leather armour    |    28 |       |       |       |       ||    28
       Ring mail         |     6 |       |       |       |       ||     6
       Chain mail        |    31 |   173 |   214 |   165 |   103 ||   686
Dodge: Dodged            |    97 |   102 |   161 |   221 |   100 ||   681
Block: Buckler           |    11 |    37 |    55 |    86 |    53 ||   242

Table legend:
 A = Non-vault XP
 B = Vault XP
 C = Vault XP percentage of total XP
 D = Non-vault monster count
 E = Vault monster count
 F = Vault count percentage of total count
                 A         B        C        D         E       F
            +---------+---------+-------+---------+---------+-------
      Total |   42543 |   16099 |  27.5 |     321 |      81 |  20.1
            +---------+---------+-------+---------+---------+-------
        D:1 |      38 |       0 |   0.0 |      22 |       0 |   0.0
        D:2 |      88 |      37 |  29.6 |      25 |       1 |   3.8
        D:3 |      57 |       0 |   0.0 |      24 |       0 |   0.0
        D:4 |     324 |     201 |  38.3 |      13 |       2 |  13.3
        D:5 |     492 |     578 |  54.0 |      15 |       3 |  16.7
        D:6 |     324 |     331 |  50.5 |      13 |       2 |  13.3
        D:7 |     623 |     283 |  31.2 |      12 |       1 |   7.7
        D:8 |    1151 |       0 |   0.0 |      19 |       0 |   0.0
        D:9 |     419 |     511 |  54.9 |      11 |      16 |  59.3
       D:10 |    5005 |       0 |   0.0 |      30 |       0 |   0.0
     Lair:1 |    2380 |     627 |  20.9 |      12 |       3 |  20.0
     Lair:2 |    6167 |    1720 |  21.8 |      22 |      12 |  35.3
     Lair:3 |    4532 |    4454 |  49.6 |      24 |       8 |  25.0
     Lair:4 |   11619 |    2032 |  14.9 |      44 |       9 |  17.0
     Lair:5 |    8703 |    2443 |  21.9 |      33 |       5 |  13.2
     Lair:6 |     621 |       0 |   0.0 |       2 |       0 |   0.0
    Ossuary |       0 |     105 | 100.0 |       0 |      12 | 100.0
   Gauntlet |       0 |    2777 | 100.0 |       0 |       7 | 100.0
            +---------+---------+-------+---------+---------+-------
